 Dungeon Crawl Stone Soup version 0.20.0-15-g7f486f2 (webtiles) character file.

108 NoAnimeNoLife the Skirmisher (level 5, -2/44 HPs)
             Began as a Human Fighter on June 13, 2017.
             Slain by Grinder (5 damage)
             ... on level 3 of the Dungeon.
             The game lasted 00:02:24 (2441 turns).

NoAnimeNoLife the Skirmisher (Human Fighter)        Turns: 2441, Time: 00:02:24

Health: -2/44      AC:  6    Str: 21    XL:     5   Next: 12%
Magic:  5/5        EV:  8    Int:  9    God:
Gold:   156        SH:  9    Dex: 13    Spells: 4/4 levels left

rFire    + . .     SeeInvis .   a - +0 flail
rCold    . . .     Gourm    .   c - +0 shield
rNeg     . . .     Faith    .   b - +0 scale mail
rPois    .         Spirit   .   (no helmet)
rElec    .         Reflect  .   (no cloak)
rCorr    .         Harm     .   (no gloves)
MR       .....                  (no boots)
Stlth    ..........             (no amulet)
Regen    0.2/turn               m - ring of protection from fire
MPRegen  0.1/turn               (no ring)

@: mighty
A: no striking features
a: no special abilities


You were on level 3 of the Dungeon.
You were very hungry.

You visited 1 branch of the dungeon, and saw 4 of its levels.

You collected 156 gold pieces.

Inventory:

Hand Weapons
 a - a +0 flail (weapon)
Armour
 b - a +0 scale mail (worn)
 c - a +0 shield (worn)
Jewellery
 m - a ring of protection from fire (left hand)
 u - a +5 amulet of reflection {unknown}
Scrolls
 e - 6 scrolls of teleportation {unknown}
 g - 2 scrolls of amnesia {unknown}
 i - 5 scrolls of identify {unknown}
 k - 2 scrolls of magic mapping {unknown}
 l - a scroll of random uselessness {unknown}
 o - a scroll of immolation {unknown}
 p - a scroll of noise {unknown}
 r - a scroll of blinking {unknown}
 v - a scroll of recharging {unknown}
Potions
 d - a potion of might
 h - a potion of brilliance {unknown}
 j - 2 potions of curing {unknown}
 n - a potion of agility
 s - a potion of degeneration {unknown}
 t - a potion of haste {unknown}
Comestibles
 f - 4 bread rations
 q - a meat ration


   Skills:
 + Level 5.1 Fighting
 - Level 2.0 Maces & Flails
 - Level 3.0 Armour
 + Level 1.4 Dodging
 - Level 3.0 Shields


You had 4 spell levels left.
You didn't know any spells.

Dungeon Overview and Level Annotations

Branches:
Dungeon (4/15)
 Temple: D:4-7

Altars:
Gozag

Annotations:
D:3 Grinder
D:4 Dowan, Duvessa


Message History

You block Grinder's attack.
You closely miss Grinder.
Grinder is moderately wounded.
Grinder gestures at you. Pain shoots through your body!
* * * LOW HITPOINT WARNING * * *
You closely miss Grinder.
Grinder is moderately wounded.
Grinder hits you.
* * * LOW HITPOINT WARNING * * *
Grinder blinks!
Grinder gestures at you. You resist with significant effort.
You block Grinder's attack.
You closely miss Grinder.
Grinder is moderately wounded.
Grinder hits you.
* * * LOW HITPOINT WARNING * * *
You writhe in agony.
You die...

#.# #.# ####### #.#
#...... #.# #.#####
##### #.# #.# #)
...#####.# #.####.
.........####.##...
##5#####.........(.
#@# #.####.##...
#.# #.# #.####.
.##.# #.# #.# #.
..#.# ... [.# ##
#.#.# #.# ### #
#(#.# #.# # #.#.#
#.# # #.#.# #
#.#####.#.# #


You could see Grinder.

Vanquished Creatures
  Terence (D:3)
  2 adders (D:3)
  An ooze (D:2)
  3 worms (D:2)
  3 dart slugs
  2 leopard geckos
  3 giant cockroaches
  6 goblins
  5 hobgoblins
  6 kobolds
  A quokka (D:2)
  2 ball pythons (D:1)
  3 bats
  4 frilled lizards
  7 rats
49 creatures vanquished.

Notes
Turn   | Place    | Note
-------+----------+-------------------------------------------
     0 | D:1      | NoAnimeNoLife the Human Fighter began the quest for the Orb.
     0 | D:1      | Reached XP level 1. HP: 18/18 MP: 1/1
   170 | D:1      | Reached XP level 2. HP: 24/24 MP: 2/2
   643 | D:1      | Reached XP level 3. HP: 28/30 MP: 3/3
   946 | D:2      | Reached skill level 4 in Fighting
  1074 | D:2      | Found an opulent altar of Gozag.
  1081 | D:2      | Reached skill level 1 in Dodging
  1182 | D:2      | Reached XP level 4. HP: 16/37 MP: 4/4
  1657 | D:3      | You fall through a shaft!
  1657 | D:4      | Noticed Duvessa
  1657 | D:4      | Noticed Dowan
  1839 | D:3      | Noticed Terence
  1850 | D:3      | Killed Terence
  1893 | D:3      | Reached skill level 5 in Fighting
  2023 | D:3      | Reached XP level 5. HP: 44/44 MP: 5/5
  2412 | D:3      | Noticed Grinder
  2415 | D:3      | Paralysed by Grinder for 5 turns
  2425 | D:3      | Paralysed by Grinder for 6 turns
  2441 | D:3      | Slain by Grinder

Skill      XL: |  1  2  3  4 |
---------------+-------------+-----
Fighting       | 4 5 |  5.1
Dodging        | 1 |  1.4
Maces & Flails | |  2.0
Armour         | |  3.0
Shields        | |  3.0

Action                   |  1- 3 |  4- 6 || total
-------------------------+-------+-------++-------
Melee: Flail             |   131 |    63 ||   194
  Use: Potion            |       |     1 ||     1
  Eat: Chunk             |     1 |     3 ||     4
Armor: Scale mail        |    33 |    27 ||    60
Dodge: Dodged            |    32 |    18 ||    50
Block: Shield            |    67 |    29 ||    96
